 Dungeon Crawl Stone Soup version 0.29-a0-819-g94b489e0ae (webtiles) character file.

Game seed: 807048055882376777

39 frimble the Shooter (level 3, -4/28 HPs)
             Began as a Demonspawn Hunter on July 6, 2022.
             Slain by Terence
             ... wielding a +0 flail
              (8 damage)
             ... on level 2 of the Dungeon.
             The game lasted 00:01:12 (1060 turns).

frimble the Shooter (Demonspawn Hunter)             Turns: 1060, Time: 00:01:13

Health: -4/28      AC:  3    Str: 11    XL:     3   Next: 28%
Magic:  3/3        EV: 12    Int: 14    God:
Gold:   40         SH:  0    Dex: 16    Spells: 2/2 levels left

rFire   . . .      SeeInvis .   b - +0 great sword
rCold   . . .      Faith    .   (shield currently unavailable)
rNeg    . . .      Spirit   .   c - +0 leather armour
rPois   .          Reflect  .   (no helmet)
rElec   .          Harm     .   (no cloak)
rCorr   .          Rampage  .   (no gloves)
Will    .....                   (no boots)
Stlth   ++........              (no amulet)
HPRegen 0.09/turn               (no ring)
MPRegen 0.08/turn               (no ring)

@: mighty
A: big brain 1
a: no special abilities


You were on level 2 of the Dungeon.
You visited 1 branch of the dungeon, and saw 2 of its levels.

You collected 40 gold pieces.

Inventory:

Hand Weapons
 a - a +0 shortbow
 b - a +0 great sword (weapon)
Armour
 c - a +0 leather armour (worn)
Scrolls
 f - a scroll of immolation
 g - a scroll of fear {unknown}
Potions
 e - 2 potions of resistance {unknown}


   Skills:
 + Level 2.5 Fighting
 + Level 0.2 Long Blades
 + Level 3.9 Ranged Weapons
 + Level 2.2 Dodging
 + Level 1.6 Stealth


You had 2 spell levels left.
You didn't know any spells.
Your spell library was empty.

Dungeon Overview and Level Annotations

Branches:
Dungeon (2/15)

Altars:

Annotations:
D:2 Terence


Innate Abilities, Weirdness & Mutations

You have an unusually large brain. (Int +2)


Message History

It was a potion of might.
You feel very mighty all of a sudden. The bat barely misses you.
The bat misses you.
You closely miss the bat. The bat closely misses you.
The bat hits you but does no damage.
Terence says, "Time to say good-bye..."
You miss the bat. The bat barely misses you. The bat hits you. x2
You barely miss the bat. The bat closely misses you.
The bat hits you but does no damage.
The quokka twitches its whiskers.
You barely miss the bat. The bat barely misses you.
The bat hits you but does no damage. x2
You miss the bat. The bat hits you but does no damage.
The bat barely misses you. The bat hits you but does no damage. x2
You miss the bat. The bat misses you. The bat hits you but does no damage.
You barely miss the bat. The bat hits you but does no damage.
The bat closely misses you. The bat hits you. The bat barely misses you.
You miss the bat. The bat hits you but does no damage.
The bat closely misses you.
You closely miss the bat. The bat barely misses you.
The bat closely misses you. The bat hits you but does no damage.
The frilled lizard unfolds its giant frill.
The bat closely misses you.
You slash the bat!
You kill the bat!
The quokka bites you but does no damage.
You slice the quokka!!
You kill the quokka!
Terence hits you with a +0 flail!
You barely miss Terence. Terence hits you but does no damage.
You slash Terence!
Terence is severely wounded.
Terence hits you but does no damage. Terence hits you with a +0 flail.
You completely miss Terence.
Terence is severely wounded.
Terence hits you with a +0 flail.
* * * LOW HITPOINT WARNING * * *
Terence shouts, "Get ready for death!"
Terence hits you with a +0 flail!
You die...

#.. #. #.# #.#
#.. #.# #.# #..
#.# #.#
#..###.##..#
#.#
#........>.#
#.#
#....##.#..#
####.## ####l#
.# .# ......#
#@# .# ..
####..# #@# .#
##
#..##########.#
.#
#.............#
.#
#.#############
#.# #.# # #.# #
#.# # #<###


You could see Terence and a frilled lizard.

Vanquished Creatures
  A dart slug (D:1)
  5 orcs (D:2)
  2 ball pythons
  3 bats
  2 endoplasms
  5 goblins
  4 hobgoblins (D:1)
  A quokka (D:2)
  2 frilled lizards (D:1)
  4 rats (D:1)
29 creatures vanquished.

Notes
Turn   | Place    | Note
-------+----------+-------------------------------------------
     0 | D:1      | frimble the Demonspawn Hunter began the quest for the Orb.
     0 | D:1      | Reached XP level 1. HP: 16/16 MP: 1/1
    42 | D:1      | Reached skill level 1 in Stealth
   216 | D:1      | Gained mutation: You have an unusually large brain. (Int
                  | +2) [demonic ancestry]
   216 | D:1      | Reached XP level 2. HP: 22/22 MP: 2/2
   938 | D:2      | Reached XP level 3. HP: 28/28 MP: 3/3
  1029 | D:2      | Noticed Terence
  1060 | D:2      | Slain by Terence

Illustrated notes

Levels and vault maps discovered:
D:1:      nzn_arrival_crosshair, layout_basic, grunt_decor_clamped, minivault_4
D:2:      layout_loops_ring, basic_ecumenical_altar, uniq_terence

Skill      XL: |  1 |
---------------+----+-----
Stealth        | 1 |  1.6
Dodging        | 2 |  2.2
Fighting       | |  2.5
Long Blades    | |  0.2
Ranged Weapons | |  3.9

Action                   || total
-------------------------++-------
Melee: Great sword       ||    28
 Fire: Shortbow          ||    68
  Use: Potion            ||     1
Armor: Leather armour    ||    42
Dodge: Dodged            ||    59

Table legend: (Time is in decaauts)
 A = Elapsed time spent in this place.
 B = Non-inter-level travel time spent in this place.
 C = Inter-level travel time spent in this place.
 D = Time resting spent in this place.
 E = Time spent auto-exploring this place.
 F = Levels seen in this place.
 G = Mean time per level.
                   A        B        C        D        E       F      G
               +--------+--------+--------+--------+--------+-----+--------+
         Total |   1103 |   1073 |     30 |      0 |    880 |   2 |  551.5 |
       Dungeon |   1103 |   1073 |     30 |      0 |    880 |   2 |  551.5 |
               +--------+--------+--------+--------+--------+-----+--------+

Top non-repeatable levels by time:
     D:1: 900 daAuts
     D:2: 203 daAuts
